Map: King Sejong Station LE

Players

WitchCraft

  • Race: Zerg Zerg
  • League: Platinum

TALAIPWROS - Winner!

  • Race: Protoss Protoss
  • League: Diamond

VOD

Have the link to the VOD?

Description

Time

  • Played on: Aug. 17, 2016, 5:52 p.m.
  • Length: 21:01
Show
View Real Time Build Order
Export as new Build Order

WitchCraft Zerg 

Build Orders: Hatch First, Lurkers 

Get SALT Encoding   

  12  0:01  Drone  
  13  0:13  Overlord  
  13  0:17  Drone  
  14  0:33  Drone  
  14  0:34  Drone  
  14  0:35  Drone  
  17  0:56  Hatchery  
  17  0:57  Drone  
  17  0:59  Extractor  
  17  1:03  Drone  
  17  1:09  Drone  
  18  1:22  Spawning Pool  
  17  1:27  Drone  
  17  1:28  Drone  
  19  1:39  Drone  
  20  1:52  Overlord  
  20  2:01  Drone  
  21  2:09  Queen  
  21  2:10  Queen  
  21  2:12  Metabolic Boost  
  25  2:18  Drone  
  25  2:19  Drone  
  25  2:22  Drone  
  28  2:31  Drone x2  
  30  2:41  Evolution Chamber  
  29  2:52  Hatchery  
  28  3:02  Zergling x8  
  32  3:13  Zergling x2  
  32  3:14  Zergling x6  
  36  3:52  Overlord x2  
  36  4:09  Zergling x8  
  39  4:10  Drone x4  
  39  4:11  Drone x2  
  39  4:12  Drone x2  
  47  4:27  Drone x3  
  47  4:28  Drone  
  47  4:29  Lair  
  47  4:31  Zerg Melee Weapons Level 1  
  51  4:33  Drone x4  
  51  4:34  Drone  
  56  4:45  Drone  
  57  4:49  Extractor  
  56  4:59  Drone  
  57  5:10  Extractor  
  57  5:11  Queen, Extractor  
  56  5:26  Queen  
  56  5:27  Spore Crawler  
  57  5:31  Spore Crawler  
  56  5:36  Queen  
  56  5:40  Spore Crawler  
  56  5:42  Drone x3  
  56  5:44  Spore Crawler  
  56  5:45  Spore Crawler  
  56  5:46  Queen  
  56  5:47  Overlord x2  
  56  5:54  Drone  
  56  5:56  Overlord x2  
  57  6:03  Hydralisk Den  
  56  6:06  Roach Warren  
  55  6:12  Hydralisk Den, Drone x9, Queen  
  55  6:13  Overlord  
  55  6:14  Overlord  
  65  6:26  Drone x6  
  72  6:41  Lurker Den  
  72  6:46  Zergling x4  
  74  6:57  Drone x2  
  74  6:59  Pneumatized Carapace  
  76  7:19  Zergling x6  
  76  7:20  Zergling x4  
  81  7:26  Zerg Melee Weapons Level 2  
  81  7:29  Spore Crawler  
  79  7:34  Infestation Pit  
  77  7:39  Drone x3  
  80  7:52  Drone x4  
  80  7:53  Hatchery  
  83  8:02  Evolution Chamber  
  83  8:03  Roach x7  
  83  8:04  Roach  
  83  8:05  Overlord x2  
  98  8:13  Overseer  
  98  8:28  Hive  
  98  8:29  Hydralisk x8  
  98  8:30  Overlord x2  
  113  8:53  Overlord  
  113  8:55  Zergling x4  
  115  8:58  Zerg Ground Armor Level 1  
  115  9:01  Hatchery  
  114  9:16  Hydralisk  
  114  9:17  Hydralisk  
  114  9:19  Overlord x4  
  114  9:20  Hydralisk x4  
  126  9:27  Extractor  
  125  9:34  Extractor  
  124  9:40  Queen  
  124  9:42  Zerg Missile Weapons Level 1  
  124  9:43  Ultralisk Cavern  
  124  9:45  Adrenal Glands  
  125  9:51  Drone x12  
  137  9:57  Lurker  
  137  9:59  Zergling x10  
  143  10:06  Hatchery  
  142  10:29  Lurker x5  
  147  10:47  Ultralisk  
  147  10:49  Zergling x2  
  157  10:50  Zergling x24  
  165  11:15  Chitinous Plating, Overlord  
  165  11:16  Overlord x2  
  165  11:20  Zergling x12  
  171  11:37  Hydralisk  
  171  11:38  Hydralisk x12  
  171  11:39  Overlord x2  
  195  11:54  Overlord x3  
  195  12:13  Hydralisk  
  195  12:14  Hydralisk  
  165  12:45  Hydralisk  
  165  12:46  Hydralisk x10  
  164  12:54  Zergling x2  
  164  12:58  Zergling x4  
  160  12:59  Zergling x24  
  167  13:06  Hydralisk  
  167  13:08  Hydralisk  
  167  13:09  Hydralisk x2  
  167  13:12  Zerg Missile Weapons Level 2  
  166  13:13  Zerg Ground Armor Level 2  
  153  13:31  Spore Crawler  
  152  13:41  Spore Crawler  
  150  13:44  Spore Crawler  
  143  13:49  Hydralisk  
  143  13:50  Hydralisk x7  
  143  13:51  Zergling x2  
  143  13:52  Zergling x14, Overlord x2  
  143  13:53  Overlord  
  163  14:05  Hydralisk  
  163  14:06  Hydralisk x5  
  163  14:08  Overlord x2  
  171  14:11  Spire  
  171  14:16  Spore Crawler x2  
  164  14:17  Spore Crawler x2  
  164  14:18  Hatchery  
  164  14:22  Hydralisk  
  163  14:26  Queen  
  163  14:27  Queen x2  
  163  14:28  Spore Crawler  
  163  14:29  Queen  
  170  14:31  Queen  
  170  14:32  Spore Crawler  
  170  14:33  Spore Crawler  
  170  14:35  Spore Crawler  
  170  14:37  Spore Crawler x2  
  170  14:38  Hatchery  
  128  15:01  Hydralisk  
  128  15:02  Hydralisk x9  
  128  15:07  Queen  
  123  15:25  Hydralisk  
  123  15:26  Hydralisk x4  
  125  15:33  Hydralisk  
  118  15:47  Hydralisk  
  118  15:48  Hydralisk x3  
  114  16:07  Hydralisk  
  114  16:08  Hydralisk x3  
  102  16:24  Hydralisk x3  
  102  16:25  Hydralisk  
  82  16:41  Hydralisk  
  82  16:42  Hydralisk x2  
  84  16:57  Zergling x2  
  84  16:58  Zergling x18  
  60  17:26  Hydralisk x2  
  60  17:27  Hydralisk x2  
  50  18:24  Hydralisk  
  52  18:28  Hydralisk  
  52  18:29  Overlord  
  52  18:30  Overlord  
  51  18:40  Overlord x2  
  50  18:41  Drone  
  50  18:42  Drone  
  54  18:57  Spore Crawler  
  54  19:00  Hydralisk x3, Spore Crawler x2  
  57  19:16  Hydralisk  
  54  19:17  Hydralisk  
  53  19:26  Hydralisk  
  52  19:42  Corruptor x2  
  56  19:47  Corruptor  
  42  20:40  Overlord x3  
Show
View Real Time Build Order
Export as new Build Order

TALAIPWROS Protoss - Winner!

Build Orders: 1 Gate Expand 

Get SALT Encoding   

  12  0:01  Probe (Chrono Boost)  
  13  0:11  Probe (Chrono Boost)  
  14  0:18  Pylon  
  14  0:22  Probe (Chrono Boost)  
  15  0:37  Probe (Chrono Boost)  
  15  0:38  Gateway  
  16  0:45  Assimilator  
  16  0:47  Probe (Chrono Boost)  
  17  1:17  Nexus  
  17  1:20  Probe (Chrono Boost)  
  17  1:23  Zealot  
  20  1:35  Probe (Chrono Boost)  
  21  1:42  Cybernetics Core  
  22  1:48  Probe (Chrono Boost)  
  22  1:50  Assimilator  
  22  1:57  Pylon  
  22  2:00  Probe (Chrono Boost)  
  23  2:13  Pylon  
  23  2:15  Stalker  
  25  2:26  Probe (Chrono Boost)  
  26  2:30  Assimilator  
  27  2:38  Probe (Chrono Boost)  
  27  2:41  Pylon, Probe (Chrono Boost)  
  27  2:42  Stalker  
  30  2:54  Mothership Core (Chrono Boost)  
  33  2:58  Probe (Chrono Boost)  
  33  3:07  Stargate  
  33  3:17  Probe (Chrono Boost)  
  33  3:18  Probe (Chrono Boost)  
  35  3:23  Stalker  
  37  3:27  Probe (Chrono Boost)  
  37  3:30  Probe (Chrono Boost)  
  37  3:32  Assimilator  
  39  3:38  Probe (Chrono Boost)  
  39  3:39  Protoss Air Weapons Level 1  
  40  3:45  Probe (Chrono Boost)  
  41  3:55  Probe (Chrono Boost)  
  42  3:56  Forge  
  43  4:02  Probe (Chrono Boost)  
  43  4:05  Probe (Chrono Boost)  
  43  4:09  Stalker  
  44  4:12  Pylon  
  44  4:14  Oracle  
  49  4:27  Probe x2 (Chrono Boost)  
  51  4:35  Photon Cannon  
  52  4:39  Probe (Chrono Boost)  
  52  4:40  Probe (Chrono Boost)  
  52  4:42  Stalker  
  53  4:45  Oracle  
  59  4:54  Probe (Chrono Boost)  
  59  4:55  Probe (Chrono Boost)  
  60  5:04  Pylon  
  53  5:52  Probe x2 (Chrono Boost)  
  55  5:59  Stalker  
  58  6:04  Probe (Chrono Boost)  
  58  6:12  Pylon  
  58  6:16  Pylon  
  57  6:37  Probe x2 (Chrono Boost)  
  59  6:41  Nexus  
  59  6:42  Oracle  
  62  6:58  Fleet Beacon  
  62  7:04  Stargate  
  62  7:06  Stargate  
  62  7:10  Pylon  
  62  7:13  Oracle  
  62  7:14  Probe x2 (Chrono Boost)  
  62  7:15  Pylon  
  64  7:16  Pylon  
  67  7:26  Probe (Chrono Boost)  
  68  7:40  Carrier x2  
  68  7:42  Photon Cannon  
  68  7:45  Photon Cannon  
  68  7:51  Photon Cannon  
  80  7:55  Carrier  
  87  8:21  Probe (Chrono Boost)  
  87  8:33  Probe (Chrono Boost)  
  88  8:37  Assimilator  
  88  8:38  Pylon  
  88  8:39  Protoss Air Weapons Level 2  
  88  8:43  Assimilator  
  88  8:44  Probe (Chrono Boost)  
  88  8:45  Probe (Chrono Boost)  
  91  8:57  Probe (Chrono Boost), Pylon  
  91  9:01  Carrier  
  91  9:09  Probe (Chrono Boost)  
  92  9:16  Carrier  
  98  9:21  Probe (Chrono Boost)  
  105  9:32  Carrier  
  105  9:33  Probe (Chrono Boost)  
  113  9:45  Probe (Chrono Boost)  
  113  9:47  Probe (Chrono Boost)  
  113  9:49  Probe (Chrono Boost)  
  115  9:58  Probe (Chrono Boost)  
  116  10:00  Graviton Catapult  
  116  10:04  Probe (Chrono Boost)  
  116  10:05  Probe (Chrono Boost)  
  118  10:11  Probe (Chrono Boost)  
  119  10:17  Probe (Chrono Boost)  
  119  10:19  Carrier  
  120  10:23  Protoss Shields Level 1  
  126  10:45  Carrier  
  132  11:02  Protoss Air Weapons Level 3  
  132  11:04  Nexus  
  132  11:11  Pylon  
  132  11:14  Pylon  
  132  11:19  Carrier  
  132  11:21  Robotics Facility  
  132  11:31  Pylon  
  138  11:38  Carrier  
  138  11:43  Probe x3 (Chrono Boost)  
  148  11:55  Probe (Chrono Boost)  
  148  12:02  Carrier, Assimilator  
  148  12:06  Assimilator  
  148  12:09  Observer  
  86  13:27  Probe (Chrono Boost)  
  86  13:31  Probe (Chrono Boost)  
  82  13:37  Probe (Chrono Boost)  
  82  13:40  Probe x2 (Chrono Boost)  
  84  13:46  Carrier x2  
  84  13:48  Probe (Chrono Boost)  
  85  13:52  Probe x2 (Chrono Boost)  
  86  13:58  Probe (Chrono Boost)  
  99  14:04  Nexus  
  99  14:09  Probe (Chrono Boost)  
  100  14:19  Probe (Chrono Boost)  
  101  14:30  Mothership Core (Chrono Boost)  
  62  15:42  Probe (Chrono Boost)  
  56  15:50  Probe (Chrono Boost)  
  57  15:57  Probe (Chrono Boost)  
  57  16:01  Probe (Chrono Boost)  
  59  16:08  Probe (Chrono Boost)  
  39  18:20  Probe (Chrono Boost)  
  39  18:21  Probe x2 (Chrono Boost)  
  39  18:22  Probe (Chrono Boost)  
  43  18:42  Probe (Chrono Boost)  
  44  19:02  Probe (Chrono Boost)  
  45  19:12  Probe (Chrono Boost)  
  45  19:36  Probe (Chrono Boost)  
  46  19:46  Photon Cannon  
  46  19:47  Probe (Chrono Boost)  
  46  19:48  Photon Cannon  
  47  19:53  Probe (Chrono Boost)  
  47  19:57  Probe (Chrono Boost)  
  49  20:03  Probe (Chrono Boost)  
  50  20:13  Probe (Chrono Boost)  
Tags
 
Add a new tag
Caveats
  • Supply blocks, unpowered buildings, or Contaminate may cause inaccurate times.
  • Supply counts are checked every 10 seconds.